Map: [ESL] Site Delta

Players

Spirit

  • Race: Terran Terran
  • Spawn Location: 11:00

Scarlett - Winner!

  • Race: Zerg Zerg
  • Spawn Location: 5:00

Event: IEM Katowice 2024

VOD

Have the link to the VOD?

Description

Time

  • Played on: Feb. 8, 2024, 5:57 a.m.
  • Length: 12:39

All games in this series

Show
View Real Time Build Order
Export as new Build Order

Spirit Terran 

Build Orders: Command Center First 

Get SALT Encoding   

  12  0:00  SCV  
  13  0:12  SCV  
  14  0:17  Supply Depot  
  14  0:24  SCV  
  15  0:38  SCV  
  16  0:50  SCV  
  17  0:59  Command Center  
  17  1:03  SCV  
  18  1:14  Barracks  
  18  1:16  SCV  
  19  1:20  Refinery  
  19  1:28  SCV  
  19  1:30  Refinery  
  20  1:40  SCV  
  21  1:52  SCV  
  22  2:01  Reaper  
  22  2:04  Orbital Command  
  23  2:10  Orbital Command  
  23  2:19  Factory  
  23  2:22  Supply Depot  
  23  2:30  SCV  
  23  2:33  Barracks Reactor  
  23  2:36  SCV  
  25  2:42  SCV  
  26  2:48  SCV  
  27  2:54  SCV  
  27  2:55  Command Center  
  28  3:00  SCV  
  28  3:05  Barracks  
  29  3:06  SCV  
  29  3:12  SCV  
  31  3:13  Hellion x2  
  31  3:18  SCV  
  36  3:20  Barracks Tech Lab  
  36  3:21  Barracks  
  36  3:25  SCV  
  37  3:30  SCV  
  38  3:34  Hellion x2  
  38  3:37  SCV  
  38  3:38  Supply Depot  
  43  3:42  Stimpack, SCV  
  44  3:50  SCV  
  44  3:55  SCV, Starport  
  46  4:02  SCV  
  47  4:04  Marine x2  
  47  4:05  Factory Reactor  
  47  4:07  SCV  
  50  4:10  Orbital Command, Barracks Reactor, Marine  
  50  4:14  SCV  
  52  4:19  SCV  
  52  4:22  Marine x2  
  55  4:26  SCV, Supply Depot  
  55  4:28  Marine  
  55  4:31  Orbital Command, SCV  
  58  4:34  Refinery  
  58  4:35  Refinery  
  58  4:38  SCV  
  60  4:40  Marine x2  
  60  4:43  SCV  
  62  4:45  Medivac  
  62  4:46  Marine  
  62  4:48  Factory Tech Lab  
  62  4:49  Supply Depot, Marine x2  
  62  4:50  SCV  
  68  4:53  Medivac  
  68  4:55  SCV  
  68  4:58  SCV, Marine x2  
  74  5:00  Engineering Bay x2  
  74  5:04  Marine  
  74  5:07  Marine x2  
  75  5:08  Supply Depot  
  75  5:11  Siege Tank, SCV x3  
  83  5:15  Supply Depot  
  83  5:16  Marine x2  
  83  5:17  Supply Depot  
  85  5:22  Combat Shield  
  85  5:29  SCV x3, Marine x3  
  85  5:34  Terran Infantry Weapons Level 1, Supply Depot  
  91  5:36  Terran Infantry Armor Level 1, Marine  
  91  5:41  SCV x3  
  95  5:47  Siege Tank  
  98  5:52  Marine  
  98  5:53  SCV x3, Supply Depot  
  98  5:55  Marine x4  
  106  6:06  Starport Reactor, SCV x3  
  106  6:10  Marine  
  106  6:11  Bunker, Refinery  
  110  6:14  Barracks  
  110  6:15  Barracks, Marine  
  110  6:18  SCV  
  111  6:20  Marine  
  111  6:24  SCV x2  
  111  6:28  Marine x2  
  111  6:30  SCV  
  112  6:36  Siege Tank, SCV  
  112  6:38  Marine  
  112  6:39  SCV  
  118  6:41  Armory  
  118  6:42  SCV  
  118  6:44  Supply Depot  
  118  6:45  Medivac x2  
  123  6:48  Marine  
  123  6:52  Marine  
  125  6:54  Marine  
  125  6:55  SCV  
  125  6:57  Marine x2  
  125  7:01  SCV  
  117  7:06  Marine  
  118  7:08  Siege Tank  
  118  7:10  Marine  
  118  7:12  Orbital Command, Marine  
  115  7:15  Marine x2  
  115  7:21  SCV, Marine  
  117  7:24  Marine  
  117  7:26  Marine  
  117  7:28  Marine  
  112  7:30  Marine  
  112  7:33  Marine x2  
  112  7:34  SCV x2  
  116  7:39  Marine  
  116  7:42  Medivac  
  115  7:44  Medivac, Marine  
  115  7:46  Marine, SCV  
  115  7:48  Marine  
  115  7:51  Marine  
  116  7:54  Barracks Reactor  
  116  7:56  Bunker, Supply Depot  
  116  7:57  Marine  
  116  7:58  Supply Depot  
  117  7:59  SCV x2  
  117  8:02  SCV, Marine  
  117  8:04  Marine  
  122  8:05  Marine  
  122  8:07  Marine  
  122  8:08  Marine  
  125  8:15  Medivac, Marine x2, SCV x2  
  106  8:20  Marine  
  106  8:22  Siege Tank, Marine  
  106  8:23  Marine  
  106  8:25  Marine  
  106  8:26  Marine  
  100  8:30  Terran Infantry Weapons Level 2  
  100  8:31  Marine x2  
  100  8:33  Marine x2  
  100  8:34  SCV  
  105  8:38  Marine  
  105  8:40  Marine  
  106  8:41  Marine  
  106  8:42  SCV  
  106  8:43  Marine x2  
  106  8:45  SCV  
  106  8:49  Marine x2  
  106  8:51  Marine x2  
  106  8:54  Siege Tank  
  113  8:55  Marine  
  113  8:57  Marine  
  113  9:00  Marine x2  
  117  9:07  Supply Depot  
  117  9:10  Supply Depot  
  117  9:12  Marine  
  118  9:17  Supply Depot  
  118  9:18  Marine  
  118  9:19  Supply Depot, Marine x5  
  118  9:20  Supply Depot  
  118  9:22  Marine  
  120  9:26  Supply Depot, Marine  
  120  9:27  Supply Depot  
  120  9:31  Liberator  
  95  9:46  Marine  
  95  9:48  Marine  
  95  9:49  Marine  
  95  9:50  Marine x2  
  95  9:51  SCV  
  99  9:53  Orbital Command, Siege Tank  
  99  9:54  Marine  
  99  9:59  Marine  
  102  10:10  Marine  
  97  10:16  Liberator x2  
  102  10:25  Siege Tank  
  105  10:30  Marine  
  103  10:36  Marine x2  
  103  10:39  Marine  
  103  10:40  Marine  
  107  10:42  Marine  
  107  10:49  Marine  
  106  10:52  Marine x3  
  106  10:54  Marine x2  
  111  10:57  Marine  
  111  10:58  Liberator x2  
  111  11:04  Marine  
  108  11:09  Siege Tank  
  108  11:10  Marine x2  
  112  11:12  Marine x5  
  112  11:14  Marine  
  118  11:21  Marine  
  110  11:28  Marine x2  
  110  11:30  Marine x5  
  110  11:31  SCV x2  
  110  11:32  Marine  
  119  11:35  Bunker  
  119  11:39  Marine  
  121  11:41  Medivac, SCV  
  121  11:46  Supply Depot x2, Marine x2  
  125  11:49  Marine  
  125  11:52  Marine  
  125  12:07  Siege Tank, SCV x2, Marine x5  
  125  12:08  SCV, Supply Depot  
  136  12:13  Marine x2  
  140  12:16  Marine  
  140  12:18  Marine  
Show
View Real Time Build Order
Export as new Build Order

Scarlett Zerg - Winner!

Build Orders: Hatch First 

Get SALT Encoding   

  12  0:00  Drone  
  13  0:13  Overlord  
  13  0:17  Drone  
  14  0:31  Drone  
  14  0:32  Drone  
  16  0:46  Hatchery  
  15  0:51  Drone  
  15  0:53  Drone  
  17  0:57  Drone  
  18  1:08  Extractor  
  17  1:12  Spawning Pool  
  17  1:15  Drone  
  17  1:19  Drone  
  18  1:28  Drone  
  19  1:39  Drone  
  20  1:50  Drone  
  21  1:58  Queen  
  21  1:59  Zergling x2, Queen  
  21  2:00  Zergling x2  
  27  2:10  Drone  
  27  2:11  Overlord  
  28  2:20  Hatchery  
  27  2:23  Drone  
  28  2:30  Drone  
  28  2:31  Drone  
  28  2:33  Drone  
  31  2:38  Queen  
  31  2:42  Metabolic Boost  
  33  2:47  Overlord  
  33  2:49  Drone  
  34  2:53  Drone  
  34  2:55  Drone  
  36  3:07  Drone x5  
  36  3:11  Queen  
  43  3:15  Overlord  
  43  3:20  Drone  
  44  3:31  Queen  
  44  3:33  Queen  
  48  3:34  Drone x3  
  48  3:39  Drone x3  
  54  3:45  Overlord  
  54  3:47  Drone x2  
  56  3:49  Overlord  
  56  3:52  Drone  
  56  3:53  Drone  
  58  3:56  Overlord  
  58  4:03  Overlord  
  58  4:06  Drone, Queen  
  58  4:07  Drone  
  58  4:09  Drone  
  63  4:15  Drone x5  
  68  4:23  Evolution Chamber x2  
  65  4:27  Zergling x2  
  65  4:28  Overlord  
  65  4:31  Overlord  
  66  4:35  Drone, Overlord  
  66  4:36  Drone, Queen  
  70  4:45  Hatchery  
  69  4:46  Drone x3  
  69  4:51  Drone x4  
  76  4:56  Zerg Melee Weapons Level 1, Zerg Ground Armor Level 1  
  76  5:03  Zergling x4  
  76  5:04  Drone x5  
  83  5:12  Drone  
  84  5:15  Drone  
  84  5:16  Drone  
  84  5:20  Extractor x2, Lair  
  84  5:21  Drone x3, Hatchery  
  87  5:22  Drone x2  
  87  5:25  Drone x2  
  90  5:29  Spore Crawler  
  90  5:30  Spore Crawler  
  90  5:31  Spore Crawler  
  90  5:34  Drone x2  
  89  5:40  Hatchery  
  89  5:42  Baneling Nest  
  87  5:44  Extractor  
  87  5:45  Extractor  
  87  5:48  Zergling x12  
  92  5:52  Zergling x12  
  99  5:59  Zergling x10  
  99  6:02  Overlord  
  104  6:08  Overlord x2  
  104  6:13  Overlord x2  
  104  6:21  Overlord  
  104  6:29  Centrifugal Hooks  
  104  6:32  Zergling x12  
  106  6:37  Zergling x14  
  113  6:41  Zergling x2  
  113  6:46  Zergling x6  
  117  6:51  Zergling x6  
  117  6:52  Baneling x6  
  117  6:53  Zerg Melee Weapons Level 2, Zerg Ground Armor Level 2  
  120  6:56  Zergling x8  
  120  7:00  Zergling x2  
  125  7:04  Zergling x10  
  125  7:05  Zergling x2  
  125  7:06  Zergling x4  
  131  7:13  Zergling x2  
  131  7:14  Zergling x14  
  122  7:26  Zergling x2  
  122  7:27  Zergling x18  
  121  7:30  Zergling x4, Baneling  
  121  7:31  Baneling x13  
  121  7:34  Hatchery  
  121  7:36  Hatchery  
  120  7:39  Zergling x4  
  118  7:50  Zergling x16  
  117  7:51  Zergling x6  
  120  8:01  Zergling x16  
  126  8:12  Zergling x2  
  126  8:13  Zergling x12  
  126  8:19  Zergling x4  
  115  8:26  Zergling x12  
  115  8:28  Baneling x13  
  115  8:33  Zergling x14  
  120  8:43  Drone x6  
  122  8:49  Drone x3, Infestation Pit  
  122  8:52  Baneling x8  
  124  9:03  Drone x5  
  124  9:04  Drone x7  
  124  9:08  Drone x2  
  124  9:09  Drone x2  
  140  9:14  Hatchery  
  140  9:15  Zergling x6, Baneling x5  
  140  9:16  Baneling x4  
  136  9:26  Zergling x2  
  136  9:27  Zergling x20  
  136  9:30  Hive  
  144  9:40  Zergling x24  
  144  9:45  Zergling x10  
  146  9:49  Zergling x2  
  145  9:53  Baneling x11, Spawning Pool  
  145  9:56  Infestor  
  139  10:25  Overlord x4  
  139  10:26  Infestor x2  
  139  10:27  Infestor  
  144  10:40  Zergling x18  
  144  10:41  Overlord x2  
  144  10:42  Baneling Nest  
  152  10:51  Spore Crawler  
  150  10:57  Burrow  
  150  11:01  Zergling x22  
  150  11:02  Zergling x22  
  157  11:06  Zergling x2  
  157  11:10  Zergling x10  
  155  11:19  Zergling x14  
  155  11:22  Spore Crawler  
  158  11:27  Spore Crawler  
  157  11:36  Extractor  
  157  11:37  Extractor  
  154  11:41  Zergling x28  
  154  11:42  Baneling x9  
  160  11:47  Drone x4  
  160  11:54  Spore Crawler  
  160  11:55  Infestor x4  
  158  12:04  Drone x8  
  158  12:08  Spore Crawler  
  165  12:09  Spore Crawler  
  165  12:10  Viper  
  167  12:19  Zergling x24  
  159  12:37  Spore Crawler  

Tags
 
Add a new tag
Caveats
  • Supply blocks, unpowered buildings, or Contaminate may cause inaccurate times.
  • Supply counts are checked every 10 seconds.